Oilers vs Flyers
Created - November 23, 2023 at 19:11
Goals
|
| Oilers |
0 |
2 |
0 |
2 |
| Flyers |
1 |
0 |
0 |
1 |
|
Shots
|
| Oilers |
6 |
14 |
9 |
29 |
| Flyers |
13 |
14 |
10 |
37 |
|
1st period
1. Flyers , Mikko Rantanen 3 (Max Pacioretty 5, Jakub Voracek 16) at 13:02 (PP)
Penalties :
Connor McDavid (Edm) for Tripping (Minor) at 12:22, Ryan Nugent-Hopkins (Edm) for Roughing (Minor) at 16:51
2nd period
2. Oilers , Connor McDavid 13 (Leon Draisaitl 4, Connor Brown 17) at 15:55 (PP)
3. Oilers , Tyler Bertuzzi 1 (Frederik Gauthier 3) at 19:11
Penalties :
Max Pacioretty (Phi) for Cross-checking (Minor) at 0:30, Connor McDavid (Edm) for Hooking (Minor) at 5:40, Jacob Trouba (Phi) for Roughing (Minor) at 15:05, Jakub Voracek (Phi) for Hooking (Minor) at 16:39
3rd period
No Goal
Penalties :
Remi Elie (Edm) for Butt-ending (Major / Game Misconduct) at 7:04
Goalie Stats
Carter Hart (Edm), 36 saves from 37 shots - (0.973), W, 8-6-0, 60:00 minutes
Steve Mason (Phi), 27 saves from 29 shots - (0.931), L, 4-7-1, 59:09 minutes
Players Stats for Oilers
Player Name G A P +/- PIM S H SB GA TA FO MP PP MP PK MP
------------------------------------------------------------------------------------
Anton Slepyshev 0 0 0 1 0 2 2 1 0 0 0/0 13:55 0:00 2:38
Brady Skjei 0 0 0 0 0 2 1 3 0 1 0/0 26:58 2:38 5:13
Connor Brown 0 1 1 0 0 1 0 1 0 0 0/1 18:10 2:45 0:00
Connor McDavid 1 0 1 0 4 5 2 1 0 1 12/31 20:56 2:45 2:19
Dalton Prout 0 0 0 0 0 0 3 2 0 1 0/0 17:14 0:00 3:31
Darnell Nurse 0 0 0 0 0 3 3 0 0 1 0/0 22:56 2:10 5:13
Frederik Gauthier 0 1 1 1 0 1 1 2 1 1 2/5 14:48 0:00 3:32
Jake Virtanen 0 0 0 0 0 3 1 0 0 1 0/0 6:48 0:00 0:00
Jeff Schultz 0 0 0 0 0 0 2 1 0 3 0/0 27:13 2:38 3:23
Kyle Clifford 0 0 0 0 0 2 1 0 2 0 1/3 21:57 2:03 4:24
Leon Draisaitl 0 1 1 0 0 3 2 0 1 1 1/1 17:20 2:45 2:35
Marcus Pettersson 0 0 0 1 0 0 0 1 0 0 0/0 13:52 2:10 1:01
Mark Jankowski 0 0 0 0 0 3 0 0 0 0 2/5 7:12 0:00 0:21
Mattias Ekholm 0 0 0 1 0 1 0 0 0 2 0/0 11:47 0:00 0:53
Remi Elie 0 0 0 0 15 0 0 0 0 0 0/0 5:47 0:00 0:00
Ryan Nugent-Hopkins 0 0 0 0 2 1 3 1 0 1 7/15 17:48 2:03 3:25
Tyler Bertuzzi 1 0 1 1 0 2 0 0 0 0 1/1 11:32 0:00 0:00
Zach Hyman 0 0 0 0 0 0 1 0 0 0 0/0 14:06 2:03 0:00
Players Stats for Flyers
Player Name G A P +/- PIM S H SB GA TA FO MP PP MP PK MP
------------------------------------------------------------------------------------
Blake Heinrich 0 0 0 0 0 1 2 0 0 1 0/0 11:52 0:43 0:00
Brian Lashoff 0 0 0 -1 0 2 0 1 1 2 0/0 19:40 3:38 2:29
Brock Nelson 0 0 0 0 0 3 1 0 0 0 0/0 9:41 0:49 1:01
Cal Foote 0 0 0 0 0 1 0 1 0 0 0/0 12:06 0:43 0:14
Calle Jarnkrok 0 0 0 -1 0 2 0 2 0 0 4/12 11:53 1:23 0:55
Jacob Trouba 0 0 0 0 2 0 3 1 0 0 0/0 28:13 5:16 2:05
Jake Dotchin 0 0 0 -1 0 1 0 1 0 0 0/0 19:04 3:38 1:53
Jakub Voracek 0 1 1 0 2 2 2 0 2 0 1/2 22:48 4:33 2:00
Jeff Carter 0 0 0 0 0 0 0 0 0 0 12/14 16:38 3:52 0:37
Jordan Nolan 0 0 0 0 0 3 0 0 2 0 15/27 23:20 4:21 2:45
Max Pacioretty 0 1 1 0 2 2 3 1 1 0 0/1 16:36 3:52 0:36
Michael Bournival 0 0 0 -1 0 3 1 0 0 0 1/2 9:19 0:00 0:00
Mikko Rantanen 1 0 1 0 0 3 2 0 1 0 0/0 14:56 3:52 0:00
Nathan Beaulieu 0 0 0 0 0 3 3 1 1 0 0/0 29:04 5:16 2:55
Nick Ritchie 0 0 0 0 0 3 0 2 2 0 1/2 21:58 4:19 0:37
Niclas Bergfors 0 0 0 -1 0 3 1 0 1 1 0/0 10:55 1:20 0:00
Travis Konecny 0 0 0 0 0 3 0 0 0 0 0/0 8:06 0:29 0:00
Travis Zajac 0 0 0 0 0 2 0 0 2 0 2/2 9:00 0:01 1:05
3 Stars
1 - Carter Hart (Edm)
2 - Tyler Bertuzzi (Edm)
3 - Mikko Rantanen (Phi)
Power Play
Oilers - 1 on 3 Attempt(s) - 33.33%
Flyers - 1 on 4 Attempt(s) - 25.00%
Penalty Kill
Oilers - 3 on 4 Attempt(s) - 75.00%
- Score 0 goal in Penalty Kill
Flyers - 2 on 3 Attempt(s) - 66.67%
- Score 0 goal in Penalty Kill
Team Stat
Oilers - Hits : 22 - Faceoff Wins : 26 - Blocked Shots : 13 - Penalty Minutes : 21
Flyers - Hits : 18 - Faceoff Wins : 36 - Blocked Shots : 10 - Penalty Minutes : 6
Official
Referees : Gord Dwyer and Ian Walsh
Linesman : Ryan Gibbons and Brian Mach
Game Notes
Remi Elie (Edm) for Butt-ending (Major / Game Misconduct) at 7:04
Remi Elie ejected from game at 7:04 of 3rd period
Finance
Level 1 -- Attendance: 6000 (100.00%) -- Ticket Income $600,000
Level 2 -- Attendance: 4965 (99.30%) -- Ticket Income $297,900
Level 3 -- Attendance: 2000 (100.00%) -- Ticket Income $70,000
Level 4 -- Attendance: 3749 (93.73%) -- Ticket Income $93,725
Luxury Box -- Attendance: 970 (97.00%) -- Ticket Income $194,000
Game was played at the Wells Fargo Center.
Total Attendance: 17684 (98.24%)
Total Ticket Income: $1,255,625
Other Income: $188,344
Total Income: $1,443,969
Oilers
5 vs 5 Forward
Center Left Wing Right Wing Time % Phy DF OF
1 Connor McDavid Kyle Clifford Connor Brown 40 1 2 2
2 Ryan Nugent-Hopkins Leon Draisaitl Zach Hyman 30 1 2 2
3 Frederik Gauthier Anton Slepyshev Tyler Bertuzzi 20 1 2 2
4 Mark Jankowski Remi Elie Jake Virtanen 10 1 2 2
5 vs 5 Defense
Defense Defense Time % Phy DF OF
1 Brady Skjei Jeff Schultz 40 1 2 2
2 Darnell Nurse Dalton Prout 30 1 2 2
3 Marcus Pettersson Mattias Ekholm 20 1 2 2
4 Jeff Schultz Darnell Nurse 10 1 2 2
PowerPlay Forward
Center Left Wing Right Wing Time % Phy DF OF
1 Connor McDavid Leon Draisaitl Connor Brown 60 0 2 3
2 Ryan Nugent-Hopkins Kyle Clifford Zach Hyman 40 0 2 3
PowerPlay Defense
Defense Defense Time % Phy DF OF
1 Brady Skjei Jeff Schultz 60 0 2 3
2 Marcus Pettersson Darnell Nurse 40 0 2 3
Penalty Kill 4 Players Forward
Center Wing Time % Phy DF OF
1 Ryan Nugent-Hopkins Kyle Clifford 60 0 4 1
2 Frederik Gauthier Leon Draisaitl 40 0 4 1
Penalty Kill 4 Players Defense
Defense Defense Time % Phy DF OF
1 Brady Skjei Darnell Nurse 60 0 5 0
2 Jeff Schultz Dalton Prout 40 0 5 0
Penalty Kill - 3 Players Forward
Forward Time % Phy DF OF
1 Connor McDavid 60 0 5 0
2 Ryan Nugent-Hopkins 40 0 5 0
Penalty Kill - 3 Players Defense
Defense Defense Time % Phy DF OF
1 Brady Skjei Darnell Nurse 60 0 5 0
2 Jeff Schultz Dalton Prout 40 0 5 0
4 vs 4 Forward
Center Wing Time % Phy DF OF
1 Connor McDavid Kyle Clifford 60 1 2 2
2 Ryan Nugent-Hopkins Leon Draisaitl 40 1 2 2
4 vs 4 Defense
Defense Defense Time % Phy DF OF
1 Brady Skjei Darnell Nurse 60 1 2 2
2 Jeff Schultz Dalton Prout 40 1 2 2
Last Minutes Offensive
Center Left Wing Right Wing Defense Defense
Connor McDavid Kyle Clifford Connor Brown Brady Skjei Darnell Nurse
Last Minutes Defensive
Center Left Wing Right Wing Defense Defense
Connor McDavid Kyle Clifford Connor Brown Brady Skjei Darnell Nurse
Goaltenders
Starting : Carter Hart
Backup : Mikko Koskinen
Extra Forwards
Normal : Ryan Nugent-Hopkins, Tyler Bertuzzi, Zach Hyman - PP : Ryan Nugent-Hopkins, Tyler Bertuzzi - PK : Ryan Nugent-Hopkins
Extra Defensemen
Normal : Jeff Schultz, Marcus Pettersson, Mattias Ekholm - PP : Dalton Prout - PK : Dalton Prout, Marcus Pettersson
Penalty Shots
Connor McDavid, Kyle Clifford, Connor Brown, Leon Draisaitl, Ryan Nugent-Hopkins
Custom OT Lines Forwards
Connor McDavid, Kyle Clifford, Connor Brown, Leon Draisaitl, Ryan Nugent-Hopkins, Tyler Bertuzzi, Zach Hyman, Frederik Gauthier, Jake Virtanen, Anton Slepyshev
Custom OT Lines Defensemen
Brady Skjei, Darnell Nurse, Jeff Schultz, Dalton Prout, Marcus Pettersson
Scratches
Timo Meier (Chest/Ribs Injury)
Flyers
5 vs 5 Forward
Center Left Wing Right Wing Time % Phy DF OF
1 Jordan Nolan Nick Ritchie Jakub Voracek 40 1 2 2
2 Jeff Carter Max Pacioretty Mikko Rantanen 30 1 2 2
3 Calle Jarnkrok Michael Bournival Niclas Bergfors 20 1 2 2
4 Travis Zajac Brock Nelson Travis Konecny 10 1 2 2
5 vs 5 Defense
Defense Defense Time % Phy DF OF
1 Jacob Trouba Nathan Beaulieu 40 1 2 2
2 Brian Lashoff Jake Dotchin 30 1 2 2
3 Blake Heinrich Cal Foote 20 1 2 2
4 Jacob Trouba Nathan Beaulieu 10 1 2 2
PowerPlay Forward
Center Left Wing Right Wing Time % Phy DF OF
1 Jordan Nolan Nick Ritchie Jakub Voracek 60 1 2 2
2 Jeff Carter Max Pacioretty Mikko Rantanen 40 1 2 2
PowerPlay Defense
Defense Defense Time % Phy DF OF
1 Jacob Trouba Nathan Beaulieu 60 1 2 2
2 Brian Lashoff Jake Dotchin 40 1 2 2
Penalty Kill 4 Players Forward
Center Wing Time % Phy DF OF
1 Jordan Nolan Jakub Voracek 60 1 2 2
2 Nick Ritchie Jeff Carter 40 1 2 2
Penalty Kill 4 Players Defense
Defense Defense Time % Phy DF OF
1 Jacob Trouba Nathan Beaulieu 60 1 2 2
2 Brian Lashoff Jake Dotchin 40 1 2 2
Penalty Kill - 3 Players Forward
Forward Time % Phy DF OF
1 Jordan Nolan 60 1 2 2
2 Jakub Voracek 40 1 2 2
Penalty Kill - 3 Players Defense
Defense Defense Time % Phy DF OF
1 Jacob Trouba Nathan Beaulieu 60 1 2 2
2 Brian Lashoff Jake Dotchin 40 1 2 2
4 vs 4 Forward
Center Wing Time % Phy DF OF
1 Jordan Nolan Jakub Voracek 60 1 2 2
2 Nick Ritchie Jeff Carter 40 1 2 2
4 vs 4 Defense
Defense Defense Time % Phy DF OF
1 Jacob Trouba Nathan Beaulieu 60 1 2 2
2 Brian Lashoff Jake Dotchin 40 1 2 2
Last Minutes Offensive
Center Left Wing Right Wing Defense Defense
Jordan Nolan Nick Ritchie Jakub Voracek Jacob Trouba Nathan Beaulieu
Last Minutes Defensive
Center Left Wing Right Wing Defense Defense
Jordan Nolan Nick Ritchie Jakub Voracek Jacob Trouba Nathan Beaulieu
Goaltenders
Starting : Steve Mason
Backup : Ilya Sorokin
Extra Forwards
Normal : Niclas Bergfors, Calle Jarnkrok, Travis Zajac - PP : Niclas Bergfors, Calle Jarnkrok - PK : Travis Zajac
Extra Defensemen
Normal : Blake Heinrich, Cal Foote, Brian Lashoff - PP : Blake Heinrich - PK : Cal Foote, Brian Lashoff
Penalty Shots
Jordan Nolan, Jakub Voracek, Nick Ritchie, Jeff Carter, Mikko Rantanen
Custom OT Lines Forwards
Jordan Nolan, Jakub Voracek, Nick Ritchie, Jeff Carter, Mikko Rantanen, Max Pacioretty, Niclas Bergfors, Calle Jarnkrok, Travis Zajac, Travis Konecny
Custom OT Lines Defensemen
Jacob Trouba, Nathan Beaulieu, Brian Lashoff, Jake Dotchin, Blake Heinrich
Scratches
Ivan Provorov (Sprained Right Ankle Injury)
% Time on Ice - Oilers
Lines # - Real PCT - Wanted PCT - Time Play
Normal Forward
1 - 34% - 40% - 14:57
2 - 27% - 30% - 12:03
3 - 24% - 20% - 10:47
4 - 15% - 10% - 6:48
Normal Defense
1 - 42% - 40% - 18:45
2 - 30% - 30% - 13:29
3 - 23% - 20% - 10:17
4 - 5% - 10% - 2:04
PP Forward
1 - 57% - 60% - 2:45
2 - 43% - 40% - 2:03
PP Defense
1 - 55% - 60% - 2:38
2 - 45% - 40% - 2:10
PK Forward
1 - 76% - 60% - 7:16
2 - 24% - 40% - 2:21
PK Defense
1 - 65% - 60% - 6:14
2 - 35% - 40% - 3:23
PK3 Forward
1 - 0% - 60%
2 - 0% - 40%
PK3 Defense
1 - 0% - 60%
2 - 0% - 40%
44 Forward
1 - 0% - 60%
2 - 0% - 40%
44 Defense
1 - 0% - 60%
2 - 0% - 40%
Last Minute Offensive - 0:00
Last Minute Defensive - 1:00
Total
Forward - 60:00
Defense - 60:00
|
% Time on Ice - Flyers
Lines # - Real PCT - Wanted PCT - Time Play
Normal Forward
1 - 35% - 40% - 15:31
2 - 27% - 30% - 12:09
3 - 21% - 20% - 9:19
4 - 17% - 10% - 7:37
Normal Defense
1 - 42% - 40% - 18:48
2 - 30% - 30% - 13:33
3 - 24% - 20% - 10:48
4 - 3% - 10% - 1:27
PP Forward
1 - 55% - 60% - 5:19
2 - 45% - 40% - 4:18
PP Defense
1 - 56% - 60% - 5:22
2 - 44% - 40% - 4:15
PK Forward
1 - 87% - 60% - 4:11
2 - 13% - 40% - 0:37
PK Defense
1 - 61% - 60% - 2:55
2 - 39% - 40% - 1:53
PK3 Forward
1 - 0% - 60%
2 - 0% - 40%
PK3 Defense
1 - 0% - 60%
2 - 0% - 40%
44 Forward
1 - 0% - 60%
2 - 0% - 40%
44 Defense
1 - 0% - 60%
2 - 0% - 40%
Last Minute Offensive - 0:59
Last Minute Defensive - 0:00
Total
Forward - 60:00
Defense - 60:00
|
Play-by-Play
1st period
0:01 of 1st period - Jordan Nolan wins face-off versus Connor McDavid in neutral zone.
0:05 of 1st period - Off-side.
0:06 of 1st period - Jordan Nolan wins face-off versus Connor McDavid in neutral zone.
1:32 of 1st period - Snap shot by Jakub Voracek.
1:32 of 1st period - Stopped by Carter Hart with a rebound.
1:34 of 1st period - Slapshot by Nathan Beaulieu.
1:34 of 1st period - Stopped by Carter Hart with a rebound.
1:36 of 1st period - Slapshot by Jacob Trouba.
1:36 of 1st period - Shot Blocked by Frederik Gauthier.
1:58 of 1st period - Nathan Beaulieu is hit by Anton Slepyshev and loses puck.
2:19 of 1st period - Snap shot by Jakub Voracek.
2:19 of 1st period - Shot Blocked by Brady Skjei.
2:21 of 1st period - Slapshot by Nick Ritchie.
2:21 of 1st period - Shot Blocked by Jeff Schultz.
2:39 of 1st period - Jacob Trouba is hit by Brady Skjei.
3:01 of 1st period - Snap shot by Jakub Voracek.
3:01 of 1st period - Shot Misses the Net.
3:03 of 1st period - Snap shot by Jakub Voracek.
3:03 of 1st period - Stopped by Carter Hart without a rebound.
3:04 of 1st period - Jeff Carter wins face-off versus Ryan Nugent-Hopkins in Oilers zone.
3:39 of 1st period - Snap shot by Michael Bournival.
3:39 of 1st period - Stopped by Carter Hart without a rebound.
3:40 of 1st period - Connor McDavid wins face-off versus Calle Jarnkrok in Oilers zone.
4:07 of 1st period - Marcus Pettersson is hit by Blake Heinrich.
4:57 of 1st period - Snap shot by Niclas Bergfors.
4:57 of 1st period - Stopped by Carter Hart without a rebound.
4:58 of 1st period - Ryan Nugent-Hopkins wins face-off versus Jeff Carter in Oilers zone.
5:53 of 1st period - Brian Lashoff is hit by Darnell Nurse and loses puck.
6:21 of 1st period - Icing by Leon Draisaitl.
6:22 of 1st period - Michael Bournival wins face-off versus Connor McDavid in Oilers zone.
6:27 of 1st period - Snap shot by Calle Jarnkrok.
6:27 of 1st period - Shot Misses the Net.
6:37 of 1st period - Jake Dotchin is hit by Jeff Schultz.
6:43 of 1st period - Michael Bournival is hit by Darnell Nurse and loses puck.
6:48 of 1st period - Snap shot by Kyle Clifford.
6:48 of 1st period - Stopped by Steve Mason without a rebound.
6:49 of 1st period - Jeff Carter wins face-off versus Ryan Nugent-Hopkins in Flyers zone.
7:42 of 1st period - Slapshot by Jakub Voracek.
7:42 of 1st period - Shot Blocked by Connor McDavid.
8:12 of 1st period - Snap shot by Leon Draisaitl.
8:12 of 1st period - Shot Blocked by Brian Lashoff.
8:18 of 1st period - Calle Jarnkrok is hit by Zach Hyman and loses puck.
8:35 of 1st period - Snap shot by Jake Virtanen.
8:35 of 1st period - Shot Hit the Post.
8:37 of 1st period - Snap shot by Darnell Nurse.
8:37 of 1st period - Stopped by Steve Mason without a rebound.
8:38 of 1st period - Jeff Carter wins face-off versus Mark Jankowski in Flyers zone.
8:49 of 1st period - Wrist shot by Max Pacioretty.
8:49 of 1st period - Stopped by Carter Hart without a rebound.
8:50 of 1st period - Jeff Carter wins face-off versus Connor McDavid in Oilers zone.
8:51 of 1st period - Slapshot by Mikko Rantanen.
8:51 of 1st period - Stopped by Carter Hart with a rebound.
9:27 of 1st period - Snap shot by Jake Virtanen.
9:27 of 1st period - Stopped by Steve Mason with a rebound.
9:33 of 1st period - Slapshot by Mikko Rantanen.
9:33 of 1st period - Shot Misses the Net.
10:32 of 1st period - Icing by Brady Skjei.
10:33 of 1st period - Nick Ritchie wins face-off versus Connor McDavid in Oilers zone.
10:34 of 1st period - Wrist shot by Jakub Voracek.
10:34 of 1st period - Shot Misses the Net.
11:26 of 1st period - Wrist shot by Anton Slepyshev.
11:26 of 1st period - Stopped by Steve Mason without a rebound.
11:27 of 1st period - Ryan Nugent-Hopkins wins face-off versus Jordan Nolan in Flyers zone.
11:30 of 1st period - Slapshot by Leon Draisaitl.
11:30 of 1st period - Deflect By Ryan Nugent-Hopkins.
11:30 of 1st period - Shot Misses the Net.
11:30 of 1st period - Puck is out of play.
11:31 of 1st period - Jordan Nolan wins face-off versus Ryan Nugent-Hopkins in Flyers zone.
11:36 of 1st period - Snap shot by Leon Draisaitl.
11:36 of 1st period - Stopped by Steve Mason without a rebound.
11:37 of 1st period - Jordan Nolan wins face-off versus Ryan Nugent-Hopkins in Flyers zone.
11:56 of 1st period - Wrist shot by Leon Draisaitl.
11:56 of 1st period - Shot Misses the Net.
11:58 of 1st period - Wrist shot by Darnell Nurse.
11:58 of 1st period - Stopped by Steve Mason without a rebound.
11:59 of 1st period - Jeff Carter wins face-off versus Connor McDavid in Flyers zone.
12:22 of 1st period - Minor Penalty to Connor McDavid for Tripping.
12:23 of 1st period - Ryan Nugent-Hopkins wins face-off versus Jordan Nolan in Oilers zone.
13:02 of 1st period - Wrist shot by Mikko Rantanen.
13:02 of 1st period - Goal by Mikko Rantanen - Oilers : 0 - Flyers : 1.
13:03 of 1st period - Connor McDavid wins face-off versus Jordan Nolan in neutral zone.
13:47 of 1st period - Slapshot by Nick Ritchie.
13:47 of 1st period - Shot Misses the Net.
13:49 of 1st period - Wrist shot by Nathan Beaulieu.
13:49 of 1st period - Deflect By Jordan Nolan.
13:49 of 1st period - Stopped by Carter Hart without a rebound.
13:50 of 1st period - Ryan Nugent-Hopkins wins face-off versus Jeff Carter in Oilers zone.
14:00 of 1st period - Icing by Jake Dotchin.
14:01 of 1st period - Jeff Carter wins face-off versus Ryan Nugent-Hopkins in Flyers zone.
14:21 of 1st period - Icing by Max Pacioretty.
14:22 of 1st period - Jeff Carter wins face-off versus Connor McDavid in Flyers zone.
14:27 of 1st period - Kyle Clifford is hit by Mikko Rantanen and loses puck.
15:25 of 1st period - Snap shot by Jakub Voracek.
15:25 of 1st period - Shot Misses the Net.
15:27 of 1st period - Slapshot by Nick Ritchie.
15:27 of 1st period - Stopped by Carter Hart with a rebound.
15:41 of 1st period - Slapshot by Brock Nelson.
15:41 of 1st period - Stopped by Carter Hart with a rebound.
15:55 of 1st period - Slapshot by Marcus Pettersson.
15:55 of 1st period - Shot Blocked by Calle Jarnkrok.
15:57 of 1st period - Snap shot by Frederik Gauthier.
15:57 of 1st period - Deflect By Anton Slepyshev.
15:57 of 1st period - Shot Blocked by Cal Foote.
15:57 of 1st period - Puck is out of play.
15:58 of 1st period - Connor McDavid wins face-off versus Calle Jarnkrok in Flyers zone.
16:07 of 1st period - Slapshot by Calle Jarnkrok.
16:07 of 1st period - Stopped by Carter Hart with a rebound.
16:09 of 1st period - Slapshot by Brian Lashoff.
16:09 of 1st period - Stopped by Carter Hart without a rebound.
16:10 of 1st period - Jordan Nolan wins face-off versus Connor McDavid in Oilers zone.
16:24 of 1st period - Nathan Beaulieu is hit by Darnell Nurse and loses puck.
16:37 of 1st period - Darnell Nurse is hit by Jacob Trouba and loses puck.
16:51 of 1st period - Minor Penalty to Ryan Nugent-Hopkins for Roughing.
16:52 of 1st period - Connor McDavid wins face-off versus Nick Ritchie in Oilers zone.
17:26 of 1st period - Connor McDavid is hit by Mikko Rantanen and loses puck.
18:51 of 1st period - Penalty to Ryan Nugent-Hopkins is over, Ryan Nugent-Hopkins is back on ice.
19:21 of 1st period - Jake Dotchin is hit by Jake Virtanen.
19:37 of 1st period - Blake Heinrich is hit by Ryan Nugent-Hopkins and loses puck.
Goals for this period are 0 for Oilers vs 1 for Flyers.
Shots for this period are 6 for Oilers vs 13 for Flyers.
2nd period
0:01 of 2nd period - Jordan Nolan wins face-off versus Connor McDavid in neutral zone.
0:10 of 2nd period - Nathan Beaulieu is hit by Kyle Clifford and loses puck.
0:15 of 2nd period - Snap shot by Connor Brown.
0:15 of 2nd period - Stopped by Steve Mason without a rebound.
0:16 of 2nd period - Jeff Carter wins face-off versus Ryan Nugent-Hopkins in Flyers zone.
0:30 of 2nd period - Minor Penalty to Max Pacioretty for Cross-checking.
0:31 of 2nd period - Connor McDavid wins face-off versus Jordan Nolan in Flyers zone.
2:30 of 2nd period - Penalty to Max Pacioretty is over, Max Pacioretty is back on ice.
2:44 of 2nd period - Snap shot by Max Pacioretty.
2:44 of 2nd period - Stopped by Carter Hart with a rebound.
3:32 of 2nd period - Wrist shot by Mark Jankowski.
3:32 of 2nd period - Stopped by Steve Mason with a rebound.
3:34 of 2nd period - Slapshot by Mattias Ekholm.
3:34 of 2nd period - Deflect By Jeff Carter.
3:34 of 2nd period - Stopped by Steve Mason without a rebound.
3:35 of 2nd period - Tyler Bertuzzi wins face-off versus Michael Bournival in Flyers zone.
3:48 of 2nd period - Slapshot by Jake Dotchin.
3:48 of 2nd period - Shot Blocked by Frederik Gauthier.
4:22 of 2nd period - Snap shot by Anton Slepyshev.
4:22 of 2nd period - Shot Misses the Net.
4:26 of 2nd period - Snap shot by Frederik Gauthier.
4:26 of 2nd period - Stopped by Steve Mason without a rebound.
4:27 of 2nd period - Connor McDavid wins face-off versus Calle Jarnkrok in Flyers zone.
4:32 of 2nd period - Connor Brown is hit by Niclas Bergfors and loses puck.
4:43 of 2nd period - Slapshot by Michael Bournival.
4:43 of 2nd period - Shot Misses the Net.
5:40 of 2nd period - Minor Penalty to Connor McDavid for Hooking.
5:41 of 2nd period - Ryan Nugent-Hopkins wins face-off versus Jordan Nolan in Oilers zone.
7:40 of 2nd period - Penalty to Connor McDavid is over, Connor McDavid is back on ice.
7:51 of 2nd period - Connor McDavid is hit by Brock Nelson and loses puck.
8:18 of 2nd period - Snap shot by Michael Bournival.
8:18 of 2nd period - Stopped by Carter Hart without a rebound.
8:19 of 2nd period - Calle Jarnkrok wins face-off versus Mark Jankowski in Oilers zone.
8:30 of 2nd period - Wrist shot by Niclas Bergfors.
8:30 of 2nd period - Stopped by Carter Hart without a rebound.
8:31 of 2nd period - Jordan Nolan wins face-off versus Kyle Clifford in Oilers zone.
8:46 of 2nd period - Snap shot by Nick Ritchie.
8:46 of 2nd period - Shot Blocked by Marcus Pettersson.
8:48 of 2nd period - Slapshot by Brian Lashoff.
8:48 of 2nd period - Stopped by Carter Hart with a rebound.
8:58 of 2nd period - Max Pacioretty is hit by Leon Draisaitl and loses puck.
9:47 of 2nd period - Nick Ritchie is hit by Connor McDavid and loses puck.
9:56 of 2nd period - Jordan Nolan is hit by Anton Slepyshev and loses puck.
10:17 of 2nd period - Wrist shot by Mikko Rantanen.
10:17 of 2nd period - Stopped by Carter Hart with a rebound.
10:33 of 2nd period - Slapshot by Travis Konecny.
10:33 of 2nd period - Shot Misses the Net.
10:59 of 2nd period - Snap shot by Calle Jarnkrok.
10:59 of 2nd period - Stopped by Carter Hart without a rebound.
11:00 of 2nd period - Jordan Nolan wins face-off versus Ryan Nugent-Hopkins in Oilers zone.
11:01 of 2nd period - Snap shot by Jakub Voracek.
11:01 of 2nd period - Shot Blocked by Ryan Nugent-Hopkins.
11:27 of 2nd period - Wrist shot by Tyler Bertuzzi.
11:27 of 2nd period - Shot Misses the Net.
11:29 of 2nd period - Wrist shot by Tyler Bertuzzi.
11:29 of 2nd period - Stopped by Steve Mason with a rebound.
11:31 of 2nd period - Wrist shot by Frederik Gauthier.
11:31 of 2nd period - Shot Blocked by Nick Ritchie.
11:33 of 2nd period - Wrist shot by Frederik Gauthier.
11:33 of 2nd period - Shot Misses the Net.
11:35 of 2nd period - Wrist shot by Anton Slepyshev.
11:35 of 2nd period - Stopped by Steve Mason with a rebound.
11:37 of 2nd period - Wrist shot by Frederik Gauthier.
11:37 of 2nd period - Shot Misses the Net.
11:39 of 2nd period - Slapshot by Dalton Prout.
11:39 of 2nd period - Deflect By Frederik Gauthier.
11:39 of 2nd period - Shot Misses the Net.
11:39 of 2nd period - Puck is out of play.
11:40 of 2nd period - Jeff Carter wins face-off versus Connor McDavid in Flyers zone.
12:19 of 2nd period - Brian Lashoff is hit by Dalton Prout and loses puck.
12:50 of 2nd period - Snap shot by Tyler Bertuzzi.
12:50 of 2nd period - Deflect By Frederik Gauthier.
12:50 of 2nd period - Shot Blocked by Jacob Trouba.
12:50 of 2nd period - Puck is out of play.
12:51 of 2nd period - Travis Zajac wins face-off versus Frederik Gauthier in Flyers zone.
12:56 of 2nd period - Wrist shot by Travis Konecny.
12:56 of 2nd period - Stopped by Carter Hart with a rebound.
12:58 of 2nd period - Snap shot by Brock Nelson.
12:58 of 2nd period - Shot Blocked by Brady Skjei.
13:00 of 2nd period - Snap shot by Blake Heinrich.
13:00 of 2nd period - Stopped by Carter Hart with a rebound.
13:02 of 2nd period - Snap shot by Travis Konecny.
13:02 of 2nd period - Shot Misses the Net.
13:04 of 2nd period - Slapshot by Cal Foote.
13:04 of 2nd period - Shot Blocked by Anton Slepyshev.
13:06 of 2nd period - Snap shot by Travis Zajac.
13:06 of 2nd period - Stopped by Carter Hart with a rebound.
13:39 of 2nd period - Snap shot by Brock Nelson.
13:39 of 2nd period - Stopped by Carter Hart with a rebound.
13:41 of 2nd period - Snap shot by Brock Nelson.
13:41 of 2nd period - Shot Misses the Net.
13:45 of 2nd period - Wrist shot by Travis Konecny.
13:45 of 2nd period - Shot Misses the Net.
13:47 of 2nd period - Wrist shot by Travis Konecny.
13:47 of 2nd period - Stopped by Carter Hart with a rebound.
14:36 of 2nd period - Wrist shot by Travis Zajac.
14:36 of 2nd period - Stopped by Carter Hart without a rebound.
14:37 of 2nd period - Jordan Nolan wins face-off versus Connor McDavid in Oilers zone.
14:38 of 2nd period - Wrist shot by Nick Ritchie.
14:38 of 2nd period - Shot Misses the Net.
14:40 of 2nd period - Slapshot by Nathan Beaulieu.
14:40 of 2nd period - Stopped by Carter Hart with a rebound.
14:44 of 2nd period - Snap shot by Nick Ritchie.
14:44 of 2nd period - Stopped by Carter Hart with a rebound.
14:46 of 2nd period - Snap shot by Jordan Nolan.
14:46 of 2nd period - Shot Misses the Net.
15:05 of 2nd period - Minor Penalty to Jacob Trouba for Roughing.
15:06 of 2nd period - Jordan Nolan wins face-off versus Connor McDavid in Flyers zone.
15:36 of 2nd period - Jordan Nolan is hit by Ryan Nugent-Hopkins and loses puck.
15:41 of 2nd period - Snap shot by Kyle Clifford.
15:41 of 2nd period - Deflect By Zach Hyman.
15:41 of 2nd period - Shot Misses the Net.
15:41 of 2nd period - Puck is out of play.
15:42 of 2nd period - Connor McDavid wins face-off versus Jordan Nolan in Flyers zone.
15:55 of 2nd period - Snap shot by Connor McDavid.
15:55 of 2nd period - Goal by Connor McDavid - Oilers : 1 - Flyers : 1.
15:56 of 2nd period - Jeff Carter wins face-off versus Connor McDavid in neutral zone.
15:59 of 2nd period - Connor Brown is hit by Max Pacioretty and loses puck.
16:08 of 2nd period - Mikko Rantanen is hit by Connor McDavid and loses puck.
16:23 of 2nd period - Leon Draisaitl is hit by Nathan Beaulieu and loses puck.
16:39 of 2nd period - Minor Penalty to Jakub Voracek for Hooking.
16:40 of 2nd period - Leon Draisaitl wins face-off versus Jordan Nolan in Flyers zone.
16:41 of 2nd period - Wrist shot by Connor McDavid.
16:41 of 2nd period - Stopped by Steve Mason without a rebound.
16:42 of 2nd period - Connor McDavid wins face-off versus Jordan Nolan in Flyers zone.
17:17 of 2nd period - Wrist shot by Ryan Nugent-Hopkins.
17:17 of 2nd period - Stopped by Steve Mason with a rebound.
18:39 of 2nd period - Penalty to Jakub Voracek is over, Jakub Voracek is back on ice.
18:55 of 2nd period - Wrist shot by Jake Virtanen.
18:55 of 2nd period - Stopped by Steve Mason without a rebound.
18:56 of 2nd period - Mark Jankowski wins face-off versus Max Pacioretty in Flyers zone.
19:09 of 2nd period - Snap shot by Jake Virtanen.
19:09 of 2nd period - Stopped by Steve Mason without a rebound.
19:10 of 2nd period - Frederik Gauthier wins face-off versus Calle Jarnkrok in Flyers zone.
19:11 of 2nd period - Snap shot by Tyler Bertuzzi.
19:11 of 2nd period - Goal by Tyler Bertuzzi - Oilers : 2 - Flyers : 1.
19:12 of 2nd period - Connor McDavid wins face-off versus Jakub Voracek in neutral zone.
19:21 of 2nd period - Slapshot by Connor McDavid.
19:21 of 2nd period - Shot Blocked by Nathan Beaulieu.
19:23 of 2nd period - Wrist shot by Connor McDavid.
19:23 of 2nd period - Stopped by Steve Mason with a rebound.
19:25 of 2nd period - Wrist shot by Kyle Clifford.
19:25 of 2nd period - Deflect By Connor McDavid.
19:25 of 2nd period - Stopped by Steve Mason without a rebound.
19:26 of 2nd period - Jakub Voracek wins face-off versus Kyle Clifford in Flyers zone.
Goals for this period are 2 for Oilers vs 0 for Flyers.
Shots for this period are 14 for Oilers vs 14 for Flyers.
3rd period
0:01 of 3rd period - Connor McDavid wins face-off versus Jordan Nolan in neutral zone.
0:08 of 3rd period - Snap shot by Connor McDavid.
0:08 of 3rd period - Shot Blocked by Jake Dotchin.
0:32 of 3rd period - Off-side.
0:33 of 3rd period - Jeff Carter wins face-off versus Connor McDavid in neutral zone.
0:44 of 3rd period - Wrist shot by Kyle Clifford.
0:44 of 3rd period - Shot Misses the Net.
1:00 of 3rd period - Zach Hyman is hit by Jacob Trouba and loses puck.
1:08 of 3rd period - Brady Skjei is hit by Jacob Trouba.
1:10 of 3rd period - Snap shot by Leon Draisaitl.
1:10 of 3rd period - Stopped by Steve Mason without a rebound.
1:11 of 3rd period - Jordan Nolan wins face-off versus Connor McDavid in Flyers zone.
2:03 of 3rd period - Wrist shot by Niclas Bergfors.
2:03 of 3rd period - Shot Misses the Net.
2:17 of 3rd period - Brock Nelson is hit by Dalton Prout and loses puck.
2:45 of 3rd period - Kyle Clifford is hit by Jakub Voracek.
3:35 of 3rd period - Travis Zajac is hit by Frederik Gauthier and loses puck.
3:52 of 3rd period - Slapshot by Jordan Nolan.
3:52 of 3rd period - Stopped by Carter Hart with a rebound.
3:54 of 3rd period - Wrist shot by Nick Ritchie.
3:54 of 3rd period - Stopped by Carter Hart without a rebound.
3:55 of 3rd period - Jordan Nolan wins face-off versus Connor Brown in Oilers zone.
3:58 of 3rd period - Slapshot by Jakub Voracek.
3:58 of 3rd period - Shot Blocked by Connor Brown.
4:04 of 3rd period - Kyle Clifford is hit by Blake Heinrich and loses puck.
4:11 of 3rd period - Snap shot by Nick Ritchie.
4:11 of 3rd period - Shot Blocked by Dalton Prout.
4:32 of 3rd period - Zach Hyman is hit by Max Pacioretty.
4:53 of 3rd period - Off-side.
4:54 of 3rd period - Mark Jankowski wins face-off versus Calle Jarnkrok in neutral zone.
5:09 of 3rd period - Wrist shot by Mark Jankowski.
5:09 of 3rd period - Stopped by Steve Mason without a rebound.
5:10 of 3rd period - Connor McDavid wins face-off versus Jordan Nolan in Flyers zone.
5:21 of 3rd period - Snap shot by Connor McDavid.
5:21 of 3rd period - Deflect By Kyle Clifford.
5:21 of 3rd period - Stopped by Steve Mason with a rebound.
5:23 of 3rd period - Snap shot by Kyle Clifford.
5:23 of 3rd period - Shot Blocked by Nick Ritchie.
5:25 of 3rd period - Slapshot by Brady Skjei.
5:25 of 3rd period - Stopped by Steve Mason without a rebound.
5:26 of 3rd period - Jeff Carter wins face-off versus Ryan Nugent-Hopkins in Flyers zone.
5:33 of 3rd period - Jeff Schultz is hit by Nathan Beaulieu and loses puck.
5:42 of 3rd period - Wrist shot by Darnell Nurse.
5:42 of 3rd period - Stopped by Steve Mason with a rebound.
5:52 of 3rd period - Jeff Schultz is hit by Nathan Beaulieu and loses puck.
5:58 of 3rd period - Off-side.
5:59 of 3rd period - Connor McDavid wins face-off versus Jordan Nolan in neutral zone.
6:26 of 3rd period - Ryan Nugent-Hopkins is hit by Max Pacioretty and loses puck.
7:04 of 3rd period - Major / Game Misconduct Penalty to Remi Elie for Butt-ending.
7:04 of 3rd period - Remi Elie is ejected from game.
7:05 of 3rd period - Kyle Clifford wins face-off versus Jordan Nolan in Oilers zone.
8:48 of 3rd period - Jakub Voracek is hit by Leon Draisaitl and loses puck.
12:04 of 3rd period - Penalty to Remi Elie is over, Connor Brown is send on ice.
12:15 of 3rd period - Slapshot by Marcus Pettersson.
12:15 of 3rd period - Shot Hit the Post.
12:17 of 3rd period - Snap shot by Mark Jankowski.
12:17 of 3rd period - Stopped by Steve Mason without a rebound.
12:18 of 3rd period - Travis Zajac wins face-off versus Mark Jankowski in Flyers zone.
12:18 of 3rd period - Travis Zajac is hit by Jeff Schultz.
12:26 of 3rd period - Snap shot by Brock Nelson.
12:26 of 3rd period - Stopped by Carter Hart with a rebound.
13:29 of 3rd period - Slapshot by Ryan Nugent-Hopkins.
13:29 of 3rd period - Shot Blocked by Max Pacioretty.
13:31 of 3rd period - Slapshot by Mattias Ekholm.
13:31 of 3rd period - Shot Misses the Net.
13:45 of 3rd period - Wrist shot by Travis Konecny.
13:45 of 3rd period - Shot Misses the Net.
14:07 of 3rd period - Snap shot by Jordan Nolan.
14:07 of 3rd period - Stopped by Carter Hart without a rebound.
14:08 of 3rd period - Ryan Nugent-Hopkins wins face-off versus Calle Jarnkrok in Oilers zone.
14:15 of 3rd period - Snap shot by Leon Draisaitl.
14:15 of 3rd period - Stopped by Steve Mason without a rebound.
14:16 of 3rd period - Ryan Nugent-Hopkins wins face-off versus Calle Jarnkrok in Flyers zone.
14:39 of 3rd period - Zach Hyman is hit by Michael Bournival and loses puck.
14:44 of 3rd period - Wrist shot by Niclas Bergfors.
14:44 of 3rd period - Stopped by Carter Hart without a rebound.
14:45 of 3rd period - Jordan Nolan wins face-off versus Connor McDavid in Oilers zone.
14:59 of 3rd period - Icing by Brian Lashoff.
15:00 of 3rd period - Jordan Nolan wins face-off versus Connor McDavid in Flyers zone.
15:33 of 3rd period - Slapshot by Niclas Bergfors.
15:33 of 3rd period - Shot Blocked by Dalton Prout.
15:51 of 3rd period - Mikko Rantanen is hit by Ryan Nugent-Hopkins and loses puck.
16:09 of 3rd period - Slapshot by Darnell Nurse.
16:09 of 3rd period - Deflect By Connor McDavid.
16:09 of 3rd period - Stopped by Steve Mason without a rebound.
16:10 of 3rd period - Jordan Nolan wins face-off versus Connor McDavid in Flyers zone.
16:21 of 3rd period - Slapshot by Cal Foote.
16:21 of 3rd period - Stopped by Carter Hart without a rebound.
16:22 of 3rd period - Calle Jarnkrok wins face-off versus Frederik Gauthier in Oilers zone.
16:23 of 3rd period - Snap shot by Michael Bournival.
16:23 of 3rd period - Stopped by Carter Hart without a rebound.
16:24 of 3rd period - Calle Jarnkrok wins face-off versus Frederik Gauthier in Oilers zone.
16:54 of 3rd period - Wrist shot by Connor McDavid.
16:54 of 3rd period - Shot Misses the Net.
16:56 of 3rd period - Wrist shot by Brady Skjei.
16:56 of 3rd period - Stopped by Steve Mason with a rebound.
16:58 of 3rd period - Snap shot by Connor McDavid.
16:58 of 3rd period - Shot Misses the Net.
17:23 of 3rd period - Nathan Beaulieu is hit by Dalton Prout and loses puck.
17:42 of 3rd period - Snap shot by Travis Konecny.
17:42 of 3rd period - Shot Misses the Net.
17:44 of 3rd period - Slapshot by Nathan Beaulieu.
17:44 of 3rd period - Stopped by Carter Hart with a rebound.
17:46 of 3rd period - Snap shot by Travis Konecny.
17:46 of 3rd period - Stopped by Carter Hart without a rebound.
17:47 of 3rd period - Calle Jarnkrok wins face-off versus Connor McDavid in Oilers zone.
18:03 of 3rd period - Slapshot by Marcus Pettersson.
18:03 of 3rd period - Shot Misses the Net.
18:35 of 3rd period - Snap shot by Mikko Rantanen.
18:35 of 3rd period - Shot Misses the Net.
18:37 of 3rd period - Snap shot by Max Pacioretty.
18:37 of 3rd period - Shot Blocked by Brady Skjei.
18:39 of 3rd period - Slapshot by Jake Dotchin.
18:39 of 3rd period - Stopped by Carter Hart without a rebound.
18:40 of 3rd period - Frederik Gauthier wins face-off versus Calle Jarnkrok in Oilers zone.
18:54 of 3rd period - Slapshot by Tyler Bertuzzi.
18:54 of 3rd period - Shot Misses the Net.
18:56 of 3rd period - Wrist shot by Frederik Gauthier.
18:56 of 3rd period - Shot Blocked by Calle Jarnkrok.
19:06 of 3rd period - Kyle Clifford is hit by Jakub Voracek and loses puck.
19:09 of 3rd period - Flyers, Steve Mason is pulled from the net.
Goals for this period are 0 for Oilers vs 0 for Flyers.
Shots for this period are 9 for Oilers vs 10 for Flyers.